Map: Станция Кайрос РВ

Players

Бульбулятор

  • Race: Zerg Zerg
  • League: Diamond
  • Spawn Location: 5:00

Gizmokvack - Winner!

  • Race: Terran Terran
  • League: Platinum
  • Spawn Location: 11:00

VOD

Have the link to the VOD?

Description

Time

  • Played on: March 17, 2019, 4:06 a.m.
  • Length: 6:25
Show
View Real Time Build Order
Export as new Build Order

Бульбулятор Zerg 

Build Orders: Hatch First 

Get SALT Encoding   

  12  0:01  Drone  
  13  0:08  Drone  
  14  0:16  Overlord  
  14  0:35  Drone x3  
  17  0:55  Hatchery  
  17  0:56  Drone  
  17  0:59  Drone  
  18  1:16  Spawning Pool  
  18  1:17  Extractor  
  16  1:19  Drone  
  16  1:21  Drone  
  18  1:29  Drone  
  19  1:56  Overlord  
  19  2:04  Queen  
  19  2:08  Queen  
  23  2:10  Zergling x6  
  26  2:23  Drone  
  26  2:25  Drone x2  
  29  2:40  Drone x3  
  32  2:48  Lair  
  32  2:50  Extractor  
  31  2:53  Drone x2  
  31  2:55  Drone  
  34  3:01  Drone  
  35  3:22  Drone  
  35  3:23  Evolution Chamber x2  
  35  3:24  Overlord x2  
  35  3:25  Drone x2  
  36  3:29  Baneling Nest  
  36  3:30  Drone  
  36  3:37  Pneumatized Carapace  
  36  3:53  Drone x5  
  36  3:54  Drone  
  42  3:56  Extractor  
  42  3:59  Extractor  
  40  4:21  Zergling x10  
  40  4:22  Zergling x4  
  47  4:34  Zergling x2  
  47  4:35  Zergling x4  
  48  4:51  Zergling x4  
  49  5:00  Baneling x4  
  35  5:20  Zergling x8  
  35  5:21  Zergling x14  
  24  5:57  Zergling x8  
  24  6:00  Zergling x4  
  24  6:01  Zergling x6  
Show
View Real Time Build Order
Export as new Build Order

Gizmokvack Terran - Winner!

Build Orders: Liberator Opening 

Get SALT Encoding   

  12  0:00  SCV  
  13  0:12  SCV  
  14  0:19  Supply Depot  
  14  0:24  SCV  
  15  0:31  Refinery  
  15  0:41  SCV  
  16  0:45  Barracks  
  16  0:53  SCV  
  17  1:01  Refinery  
  17  1:07  SCV  
  18  1:19  SCV  
  19  1:33  Factory, Marine  
  19  1:39  Orbital Command  
  20  1:53  Barracks Tech Lab  
  20  1:55  Supply Depot  
  20  2:04  SCV  
  21  2:15  Factory  
  21  2:22  SCV  
  22  2:29  Siege Tank  
  25  2:41  Starport  
  25  2:43  SCV  
  26  2:55  SCV  
  27  2:59  Supply Depot  
  27  3:00  Factory Reactor  
  27  3:06  Siege Tank  
  27  3:11  SCV  
  31  3:16  Liberator  
  34  3:36  Hellion x2  
  38  3:43  SCV  
  38  3:47  Supply Depot  
  39  3:50  Supply Depot  
  39  4:06  Liberator  
  39  4:08  Siege Tank, SCV  
  39  4:09  Hellion x2  
  49  4:39  Hellion x2  
  53  4:51  Siege Tank  
  55  5:09  Liberator  
  55  5:13  Hellion x2  
  50  5:23  Hellion  
  55  5:41  Marine  
  47  5:57  Hellion  
  47  5:59  Hellion  
Tags
 
Add a new tag
Caveats
  • Supply blocks, unpowered buildings, or Contaminate may cause inaccurate times.
  • Supply counts are checked every 10 seconds.